 Dungeon Crawl Stone Soup version 0.30-a0-879-ga8ba668304 (webtiles) character file.

Game seed: 620106784323391136

7891 gelatine the Arsonist (level 11, 0/75 (80) HPs)
             Began as a Demonspawn Fire Elementalist on Mar 13, 2023.
             Was an Initiate of Qazlal.
             Slain by a wight
             ... wielding a +2 great sword
              (7 damage)
             ... on level 9 of the Dungeon.
             The game lasted 00:32:12 (8879 turns).

gelatine the Arsonist (DsFE)                        Turns: 8879, Time: 00:32:13

HP:   0/75 (80)     AC: 10    Str: 14    XL:     11   Next: 2%
MP:   0/21          EV: 13    Int: 25    God:    Qazlal [......]
Gold: 371           SH:  0    Dex: 12    Spells: 7/23 levels left

rFire   . . .      SeeInvis .    n - +1 battleaxe (vamp)
rCold   . . .      Faith    .    (shield currently unavailable)
rNeg    . . .      Spirit   +    L - +2 robe {Will+}
rPois   +          Reflect  .    (helmet restricted)
rElec   .          Rampage  .    p - +2 cloak
rCorr   .          Rage     3%   (no gloves)
Will    +....                    (no boots)
Stlth   ++                       (no amulet)
HPRegen 0.32/turn                o - ring of poison resistance
MPRegen 0.34/turn                N - +6 ring of intelligence

@: drained
A: horns 1, thin metallic scales 2, foul stench 1, magic shield, magic
regeneration, magic link, berserk 1, strong 1
a: Renounce Religion


You were on level 9 of the Dungeon.
You worshipped Qazlal.
Qazlal was noncommittal.
You visited 2 branches of the dungeon, and saw 10 of its levels.
You also visited: Ossuary.

You collected 500 gold pieces.
You spent 129 gold pieces at shops.

Inventory:

Hand Weapons
 f - a +1 dagger of electrocution
 n - a +1 vampiric battleaxe (weapon)
 B - a +0 short sword of speed
Missiles
 x - 3 throwing nets
Armour
 a - a +0 troll leather armour
 p - a +2 cloak (worn)
 J - a scarf of harm
 L - a +2 robe of willpower (worn)
Magical Staves
 K - a staff of cold
Jewellery
 e - a ring of see invisible
 k - a ring of resist corrosion
 o - a ring of poison resistance (left hand)
 y - a ring of protection from cold
 N - a +6 ring of intelligence (right hand)
Wands
 i - a wand of mindburst (8)
 I - a wand of light (8)
Scrolls
 c - a scroll of fog
 d - a scroll of enchant armour
 g - 2 scrolls of poison
 j - a scroll of noise
 l - 5 scrolls of teleportation
 q - a scroll of immolation
 u - 2 scrolls of fear
 v - 2 scrolls of enchant weapon
 w - 2 scrolls of amnesia
 G - a scroll of magic mapping
 H - a scroll of blinking
Potions
 b - 2 potions of magic
 h - 4 potions of flight
 m - 2 potions of haste
 r - a potion of heal wounds {unknown}
 s - a potion of mutation
 t - a potion of curing
 z - 5 potions of lignification
 A - a potion of berserk rage {unknown}
 C - 2 potions of might {unknown}
 D - 2 potions of brilliance
 E - a potion of attraction {unknown}
 M - 2 potions of cancellation


   Skills:
 * Level 5.6 Fighting
 + Level 0.5 Short Blades
 * Level 1.5 Axes
 * Level 0.4 Armour
 * Level 5.3 Dodging
 + Level 3.0 Stealth
 + Level 6.7 Spellcasting
 * Level 7.8 Conjurations
 * Level 1.1 Translocations
 * Level 9.6 Fire Magic
 * Level 0.6 Invocations
 * Level 0.7 Evocations


You had 7 spell levels left.
You knew the following spells:

 Your Spells              Type           Power      Damage    Failure   Level
a - Foxfire               Conj/Fire      100%       2x1d9     1%          1
b - Scorch                Fire           100%       2d10      1%          2
c - Flame Wave            Conj/Fire      51%        2d13      1%          4
d - Fireball              Conj/Fire      25%        3d11      5%          5
e - Manifold Assault      Tloc           14%        N/A       38%         4

Your spell library contained the following spells:

 Spells                   Type           Power      Damage    Failure   Level
 Inner Flame              Hex/Fire       32%        N/A       2%          3
 Apportation              Tloc           28%        N/A       4%          1
 Kindle Blastsparks       Fire/Tloc/Air  52%        2d14      4%          3
 Blink                    Tloc           28%        N/A       6%          2
 Beastly Appendage        Tmut           16%        N/A       7%          1
 Necrotise                Necr           32%        1d5       7%          1
 Summon Small Mammal      Summ           32%        N/A       7%          1
 Ensorcelled Hibernation  Hex/Ice        16%        N/A       11%         2
 Passwall                 Tmut/Erth      6%         N/A       11%         2
 Wereblood                Tmut           8%         N/A       11%         2
 Spider Form              Tmut/Pois      8%         N/A       21%         3
 Swiftness                Air            8%         N/A       21%         3
 Starburst                Conj/Fire      25%        6d8       28%         6
 Lightning Bolt           Conj/Air       14%        1d27      36%         5
 Airstrike                Air            4%         2d(1-17)  56%         4
 Summon Lightning Spire   Summ/Air       8%         N/A       56%         4
 Alistair's Intoxication  Tmut/Pois      5%         N/A       88%         5
 Summon Cactus Giant      Summ           4%         N/A       100%        6
 Storm Form               Tmut/Air       4%         N/A       100%        7


Dungeon Overview and Level Annotations

Branches:
Dungeon (9/15)             Temple (1/1) D:4         Ossuary (visited)
   Lair: D:8-11         Orc: D:9-12

Altars:
Ashenzari
Cheibriados
Dithmenos
Fedhas
Gozag
Hepliaklqana
Kikubaaqudgha
Makhleb
Nemelex Xobeh
Okawaru
Qazlal
Ru
Sif Muna
Trog
Uskayaw
Vehumet
Wu Jian
Xom
Yredelemnul

Shops:
D:1 [   D:3 *   D:9 ?

Annotations:
D:3 2 transporters, Sabo's ghost, weakling GnWn


Innate Abilities, Weirdness & Mutations

You have a pair of small horns on your head.
You are mostly covered in thin metallic scales. (AC +3)
You may rarely emit foul miasma when damaged in melee.
When hurt, damage is shared between your health and your magic reserves.
You regenerate magic rapidly.
When low on magic, you restore magic in place of health.
You sometimes lose your temper in combat.
Your muscles are strong. (Str +4, Int/Dex -1)


Message History

The yak is moderately wounded.
You finish channelling waves of flame.
A wight comes into view. It is wielding a +0 mace.
The yak gores you but does no damage.
A yak comes into view.
The wight attacks as you move away!
The wight hits you with a +2 great sword.
You slash the wight!
The wight is severely damaged.
The wight closely misses you. x2
You barely miss the wight.
The wight is severely damaged.
The wight barely misses you.
The wight hits you with a +2 great sword!
You hit the wight. Your headbutt misses the wight.
The wight is almost destroyed.
The wight misses you.
You completely miss the wight.
The wight is almost destroyed.
The wight misses you. The wight barely misses you.
You barely miss the wight.
The wight is almost destroyed.
The wight hits you with a +2 great sword!
* * * LOW HITPOINT WARNING * * *
You feel drained.
* * * LOW HITPOINT WARNING * * *
You emit a cloud of foul miasma!
You barely miss the wight. Your headbutt misses the wight.
The wight is almost destroyed.
The wight hits you with a +2 great sword!
* * * LOW HITPOINT WARNING * * *
You feel drained.
* * * LOW HITPOINT WARNING * * *
A yak comes into view.
The wight closely misses you.
It was a potion of mutation.
You feel extremely strange.
You feel a little pissed off.
You feel stronger.
The yak gores the bush!
The wight hits you with a +2 great sword!
You die...

#.......# ♣. ♣P.
#.......# ♣.P ♣P.
#.......# ♣.P♣♣..
#.......# ♣.PY..z
#.......# .....
#.......# .Y. ###
##.......# #Y##.#
#........# #Yz@.#
#..).....#
####.####........#
#........####.#
#........# #.#
#.#####..# #.# #.#
#..# #.# #.# #..#
#.# #.# #..# #.#
..# #..####.#


You could see 4 yaks and a wight.

Vanquished Creatures
  A two-headed ogre (D:5)
  A troll (D:7)
  A hornet (D:7)
  A wyvern (D:7)
  3 yaks (D:9)
  A steam dragon (D:6)
  2 wargs (D:7)
  A water moccasin (D:7)
  Duvessa (D:4)
  8 orc warriors
  2 ice beasts (D:5)
  A sky beast (D:7)
  2 black bears
  6 ogres
  2 centaurs
  A phantom (D:5)
  A gnoll sergeant (D:7)
  4 kobold brigands
  4 scorpions
  2 elf zombies (D:5)
  7 bullfrogs
  6 water moccasin zombies (Ossuary)
  An elf skeleton (D:5)
  2 wights (D:9)
  Dowan (D:4)
  4 killer bees (D:9)
  9 howler monkeys
  A human zombie (D:5)
  12 hounds
  A gnoll bouda (D:5)
  9 orc priests
  A human skeleton (D:5)
  A sleepcap (D:6)
  Jessica (D:3)
  6 iguanas
  15 orc wizards
  2 mummies (Ossuary)
  9 gnolls
  5 adders
  A shadow imp (D:5)
  2 ufetubi
  7 adder zombies (Ossuary)
  2 worms
  2 dart slugs (D:1)
  23 orcs
  6 endoplasms
  5 giant cockroaches
  2 gnoll zombies (Ossuary)
  6 goblins
  9 hobgoblins
  2 jackals (D:2)
  10 kobolds
  5 quokkas
  6 ball pythons
  6 bats
  4 frilled lizards
  4 hobgoblin zombies (Ossuary)
  6 kobold zombies (Ossuary)
  An orc skeleton (D:5)
  6 orc zombies (Ossuary)
  A rat (D:1)
254 creatures vanquished.

Vanquished Creatures (collateral kills)
  6 foxfires
6 creatures vanquished.

Vanquished Creatures (others)
  4 bushes (D:9)
  891 foxfires
  23 plants
918 creatures vanquished.

Grand Total: 1178 creatures vanquished

Notes
Turn   | Place    | Note
-------+----------+-------------------------------------------
     0 | D:1      | gelatine the Demonspawn Fire Elementalist began the quest
                  | for the Orb.
     0 | D:1      | Reached XP level 1. HP: 13/13 MP: 3/3
   121 | D:1      | Reached skill level 3 in Fire Magic
   225 | D:1      | Gained mutation: You regenerate magic rapidly. [demonic
                  | ancestry]
   225 | D:1      | Reached XP level 2. HP: 19/19 MP: 1/5
   305 | D:1      | Found Piephunt's Antique Armour Shop.
   862 | D:2      | Gained mutation: When hurt, damage is shared between your
                  | health and your magic reserves. [demonic ancestry]
   862 | D:2      | Reached XP level 3. HP: 24/24 MP: 1/6
  1675 | D:3      | Noticed Jessica
  1679 | D:3      | Killed Jessica
  1680 | D:3      | Reached XP level 4. HP: 31/31 MP: 4/7
  1836 | D:3      | Found Waxel's General Store.
  1845 | D:3      | Bought a potion of curing for 33 gold pieces
  1845 | D:3      | Bought a scroll of fear for 44 gold pieces
  1874 | D:3      | Noticed Sabo's ghost (weakling GnWn)
  1883 | D:3      | Found a transporter.
  1941 | D:3      | Found a transporter.
  2039 | D:3      | Reached XP level 5. HP: 36/36 MP: 5/8
  2202 | D:4      | Reached skill level 1 in Fighting
  2205 | D:4      | Learned a level 2 spell: Scorch
  2443 | D:4      | Found a staircase to the Ecumenical Temple.
  2458 | Temple   | Entered the Ecumenical Temple
  2458 | Temple   | Found a transporter.
  2458 | Temple   | Found a transporter.
  2473 | Temple   | Found a transporter.
  2473 | Temple   | Found a transporter.
  2775 | D:4      | Reached skill level 4 in Fire Magic
  2775 | D:4      | Gained mutation: You are partially covered in thin metallic
                  | scales. (AC +2) [demonic ancestry]
  2775 | D:4      | Reached XP level 6. HP: 43/43 MP: 2/10
  2830 | D:4      | Noticed Dowan
  2830 | D:4      | Noticed Duvessa
  2840 | D:4      | Killed Duvessa
  2854 | D:4      | Killed Dowan
  3384 | D:5      | Entered Level 5 of the Dungeon
  3384 | D:5      | Noticed an ice beast
  3389 | D:5      | Killed an ice beast
  3390 | D:5      | Gained mutation: You have a pair of small horns on your
                  | head. [demonic ancestry]
  3390 | D:5      | Reached XP level 7. HP: 50/50 MP: 6/12
  3611 | D:5      | Noticed a two-headed ogre
  3616 | D:5      | Killed a two-headed ogre
  3617 | D:5      | Reached skill level 5 in Fire Magic
  3617 | D:5      | Gained mutation: You may rarely emit foul miasma when
                  | damaged in melee. [demonic ancestry]
  3617 | D:5      | Reached XP level 8. HP: 40/58 MP: 3/14
  3698 | D:5      | Reached skill level 6 in Fire Magic
  3704 | D:5      | Found a sand-covered staircase.
  3715 | Ossuary  | Entered an ossuary
  3964 | Ossuary  | Reached skill level 5 in Conjurations
  4444 | D:5      | Gained mutation: When low on magic, you restore magic in
                  | place of health. [demonic ancestry]
  4444 | D:5      | Reached XP level 9. HP: 56/65 MP: 5/16
  4458 | D:5      | Reached skill level 7 in Fire Magic
  5137 | D:6      | Reached skill level 5 in Spellcasting
  5314 | D:6      | Found an iron altar of Okawaru.
  5331 | D:6      | Learned a level 4 spell: Flame Wave
  5337 | D:6      | Learned a level 5 spell: Fireball
  5882 | D:6      | Reached skill level 8 in Fire Magic
  6197 | D:7      | Gained mutation: You are mostly covered in thin metallic
                  | scales. (AC +3) [demonic ancestry]
  6197 | D:7      | Reached XP level 10. HP: 66/73 MP: 3/18
  6238 | D:7      | Paralysed by a hornet for 2 turns
  6482 | D:7      | Reached skill level 5 in Dodging
  6570 | D:7      | Reached skill level 9 in Fire Magic
  6612 | D:7      | Reached skill level 5 in Fighting
  6617 | D:7      | Learned a level 4 spell: Manifold Assault
  7534 | D:7      | Found a stormy altar of Qazlal.
  7540 | D:7      | Became a worshipper of Qazlal Stormbringer
  7706 | D:8      | Found a radiant altar of Vehumet.
  7962 | D:8      | Reached skill level 1 in Axes
  8552 | D:9      | Found Unialifu's Magic Scroll Shop.
  8557 | D:9      | Bought a scroll of identify for 26 gold pieces
  8557 | D:9      | Bought a scroll of identify for 26 gold pieces
  8871 | D:9      | Reached skill level 1 in Translocations
  8871 | D:9      | Reached XP level 11. HP: 44/80 MP: 2/20
  8879 | D:9      | Gained mutation: You sometimes lose your temper in combat.
                  | [potion of mutation]
  8879 | D:9      | Gained mutation: Your muscles are strong. (Str +4, Int/Dex
                  | -1) [potion of mutation]
  8879 | D:9      | Slain by a wight

Illustrated notes

Levels and vault maps discovered:
D:1:      saegor_arrival_under_anarchy, layout_rooms, serial_shops,
          nicolae_shop_stone
D:2:      layout_rooms, serial_forest, infiniplex_forest_clump_diagonal,
          infiniplex_forest_3_way, infiniplex_forest_lined_3_way,
          infiniplex_forest_straight_5, infiniplex_forest_straight_4
D:3:      layout_rooms, gammafunk_ghost_stat_death, serial_shops, shop,
          dk_noncrumbling_2, uniq_jessica
D:4:      layout_basic, minmay_temple_entry_mini_moons, uniq_duvessa
D:5:      layout_basic, serial_bayou, serial_bayou_shore_a, serial_bayou_pond_e,
          serial_bayou_lagoon_a, serial_bayou_crossing,
          nicolae_ossuary_entry_catacombs
D:6:      layout_rooms, mainiacjoe_overflow_catwalk,
          chequers_serial_rivers_large_a, kennysheep_generic_room_8
D:7:      lemuel_castle_with_subvaults [lemuel_castle_interior_carwin_2],
          layout_rooms, nicolae_qazlal_style_of_elements,
          kb_lookout_dungeons_type
D:8:      layout_basic, nicolae_vehumet_altar_sigil
D:9:      wad_statue_garden, layout_long_grid, serial_shops,
          nicolae_stop_n_shop_2, uniq_maggie
Temple:   hellmonk_temple_divided_pantheon

Skill      XL: |  1  2  3  4  5  6  7  8  9 10 |
---------------+-------------------------------+-----
Fire Magic     | 3 4 5 6 8 9 |  9.6
Stealth        | 2 3 |  3.0
Dodging        | 2 3 4 5 |  5.3
Conjurations   | 2 3 4 5 6 7 |  7.8
Fighting       | 1 2 3 4 5 |  5.6
Spellcasting   | 3 4 5 6 |  6.7
Axes           | 1 |  1.5
Translocations | 1 |  1.1
Short Blades   | |  0.5
Armour         | |  0.4
Invocations    | |  0.6
Evocations     | |  0.7

Action                     |  1- 3 |  4- 6 |  7- 9 | 10-12 || total
---------------------------+-------+-------+-------+-------++-------
  Melee: Unarmed           |    14 |       |       |       ||    14
         Hand axe          |    13 |    25 |       |       ||    38
         Short sword       |       |     9 |    53 |       ||    62
         Headbutt          |       |       |    12 |     4 ||    16
         Punch             |       |       |     1 |       ||     1
         Dagger            |       |       |    12 |       ||    12
         Battleaxe         |       |       |     6 |    50 ||    56
   Cast: Foxfire           |    83 |   102 |   249 |   111 ||   545
         Scorch            |       |     5 |    48 |    24 ||    77
         Flame Wave        |       |       |     1 |     7 ||     8
         Fireball          |       |       |       |    33 ||    33
    Use: Scroll            |       |       |    14 |     5 ||    19
         Potion            |       |       |       |     5 ||     5
   Stab: Sleeping          |       |       |       |     1 ||     1
 Armour: Robe              |     6 |    15 |    29 |    33 ||    83
  Dodge: Dodged            |    23 |    33 |    76 |    63 ||   195

Table legend: (Time is in decaauts)
 A = Elapsed time spent in this place.
 B = Non-inter-level travel time spent in this place.
 C = Inter-level travel time spent in this place.
 D = Time resting spent in this place.
 E = Time spent auto-exploring this place.
 F = Levels seen in this place.
 G = Mean time per level.
                   A        B        C        D        E       F      G
               +--------+--------+--------+--------+--------+-----+--------+
         Total |   8968 |   8740 |    228 |      0 |   7075 |  11 |  815.3 |
       Dungeon |   8439 |   8211 |    228 |      0 |   6739 |   9 |  937.7 |
        Temple |     43 |     43 |      0 |      0 |     17 |   1 |   43.0 |
       Ossuary |    485 |    485 |      0 |      0 |    319 |   1 |  485.0 |
               +--------+--------+--------+--------+--------+-----+--------+

Top non-repeatable levels by time:
     D:7: 1701 daAuts
     D:5: 1298 daAuts
     D:4: 1159 daAuts
     D:6: 893 daAuts
     D:8: 860 daAuts
     D:1: 835 daAuts
     D:2: 686 daAuts
     D:3: 667 daAuts
 Ossuary: 485 daAuts
     D:9: 336 daAuts
  Temple: 43 daAuts
